 Dungeon Crawl Stone Soup version 0.30-a0-618-gd6c86c23d0 (webtiles) character file.

Game seed: 5374343029201833879

459 KennySheep the Artisan of Death (level 6, -3/32 HPs)
             Began as a Deep Elf Necromancer on Jan 10, 2023.
             Was a Priest of Kikubaaqudgha.
             Killed by divine providence
             ... invoked by an orc priest
              (14 damage)
             ... on level 4 of the Dungeon.
             The game lasted 00:17:46 (3686 turns).

KennySheep the Artisan of Death (DENe)              Turns: 3686, Time: 00:17:46

Health: -3/32      AC:  4    Str:  5    XL:     6   Next: 78%
Magic:  11/16      EV: 13    Int: 22    God:    Kikubaaqudgha [***...]
Gold:   212        SH:  3    Dex: 15    Spells: 0/15 levels left

rFire   . . .      SeeInvis .    g - +0 dagger
rCold   . . .      Faith    .    h - +0 buckler
rNeg    . . .      Spirit   .    a - +0 robe
rPois   .          Reflect  .    (no helmet)
rElec   .          Harm     .    n - scarf {shadows}
rCorr   .          Rampage  .    l - +1 pair of gloves
Will    +....                    (no boots)
Stlth   +++                      (no amulet)
HPRegen 0.25/turn                s - ring of willpower
MPRegen 0.15/turn                (no ring)

@: animating dead, very slightly contaminated
A: no striking features
a: Renounce Religion, Unearth Wretches


You were on level 4 of the Dungeon.
You worshipped Kikubaaqudgha.
Kikubaaqudgha was most pleased with you.
You visited 1 branch of the dungeon, and saw 4 of its levels.
You also visited: Sewer.

You collected 212 gold pieces.

Inventory:

Hand Weapons
 g - a +0 dagger (weapon)
Armour
 a - a +0 robe (worn)
 h - a +0 buckler (worn)
 l - a +1 pair of gloves (worn)
 n - a scarf of shadows (worn)
Jewellery
 s - a ring of willpower (left hand)
Wands
 t - a wand of mindburst (5)
Scrolls
 c - a scroll of fear
 i - 3 scrolls of blinking
 j - a scroll of summoning
 k - a scroll of enchant armour
 m - a scroll of teleportation
 o - a scroll of enchant weapon
 q - a scroll of identify
Potions
 b - a potion of magic
 d - 3 potions of curing
 e - a potion of brilliance
 f - a potion of degeneration {unknown}
 p - a potion of lignification {unknown}
 r - a potion of ambrosia {unknown}
 u - 2 potions of attraction {unknown}


   Skills:
 - Level 4.0 Dodging
 - Level 4.2 Stealth
 + Level 5.4 Spellcasting
 * Level 6.8 Necromancy
 * Level 2.6 Earth Magic


You couldn't memorise any spells.
You knew the following spells:

 Your Spells              Type           Power      Damage    Failure   Level
a - Necrotise             Necr           100%       1d9       1%          1
b - Sublimation of Blood  Necr           35%        N/A       1%          2
c - Vampiric Draining     Necr           35%        2d8       2%          3
d - Animate Dead          Necr           35%        N/A       8%          4
e - Borgnjor's Vile Clut  Necr/Erth      13%        N/A       45%         5

Your spell library contained the following spells:

 Spells                   Type           Power      Damage    Failure   Level
 Dispel Undead            Necr           35%        3d15      8%          4
 Agony                    Necr           35%        N/A       22%         5
 Anguish                  Hex/Necr       10%        N/A       32%         4
 Simulacrum               Ice/Necr       10%        N/A       99%         6


Dungeon Overview and Level Annotations

Branches:
Dungeon (4/15)              Sewer (visited)
 Temple: D:4-7

Altars:
Kikubaaqudgha


Message History

Aim: a hound You draw life force from the hound!
You feel life coursing into your body. The hound misses you.
The orc priest calls down the wrath of Beogh upon you.
Beogh smites you! The hound bites you.
Casting: Vampiric Draining (dangerous; 2% risk of failure)
Confirm with . or Enter, or press ? or * to list all spells.
Aiming: Vampiric Draining (dangerous; 2% risk of failure)
Press: ? - help, Shift-Dir - straight line, f/p - hound
Aim: a hound (heavily wounded)
You draw life force from the hound!
You feel life coursing into your body. The hound bites you.
An orc comes into view. It is wielding a +0 whip.
Magic courses through your body. The hound misses you.
The orc priest calls down the wrath of Beogh upon you.
Beogh smites you!
* * * LOW HITPOINT WARNING * * *
The hound barely misses you.
Casting: Vampiric Draining (dangerous; 2% risk of failure)
Confirm with . or Enter, or press ? or * to list all spells.
Aiming: Vampiric Draining (dangerous; 2% risk of failure)
Press: ? - help, Shift-Dir - straight line, f/p - hound
Aim: a hound (almost dead)
You draw life force from the hound!
You kill the hound!
Kikubaaqudgha accepts your kill.
You feel life coursing into your body.
The dead are walking!
Something hits your hound zombie.
Casting: Vampiric Draining (dangerous; 2% risk of failure)
Confirm with . or Enter, or press ? or * to list all spells.
Aiming: Vampiric Draining (dangerous; 2% risk of failure)
Press: ? - help, Shift-Dir - straight line, f - orc
Aim: an orc, wielding a +1 flail of protection You draw life force from the orc.
You feel life coursing into your body.
The orc hits you with a +1 flail of protection.
Something completely misses your hound zombie.
The orc priest mumbles some strange prayers to Beogh against you.
Beogh smites you!
You die...
Kikubaaqudgha rasps: "You have failed me!
Welcome... death!"

#.# #.#.####. #.#.# #.
#.# #.#.# #. #?#
#.#.####. #.# #........
##.## ###..#### #...##
#..# #######.#..####
#..####
.ooo.o@$......###......
####Z#####.##......####
#. #.##..#..## #.
#!##..#..# #.
...#..#..# . ###....).>
##..#..## ##.#..#
#....#####


You could see an orc priest (ally target), 3 orcs and a friendly hound zombie.

Vanquished Creatures
  A bullfrog (Sewer)
  A hound (D:4)
  A jelly (D:4)
  An orc priest (D:3)
  An orc wizard (D:3)
  8 adders
  2 worms
  3 dart slugs (D:1)
  2 orcs (D:3)
  9 ball pythons
  14 endoplasms
  8 giant cockroaches
  9 goblins
  5 hobgoblins (D:2)
  2 jackals (D:2)
  14 quokkas
  8 bats
  8 frilled lizards
  13 kobolds
  2 rats (D:1)
112 creatures vanquished.

Vanquished Creatures (collateral kills)
  A bullfrog (Sewer)
  3 endoplasms (Sewer)
  3 giant cockroaches (Sewer)
  A frilled lizard (Sewer)
  A rat (D:2)
9 creatures vanquished.

Vanquished Creatures (others)
  A ball python zombie (Sewer)
  An endoplasm zombie (Sewer)
  A frilled lizard zombie (Sewer)
  A giant cockroach zombie (Sewer)
  A quokka zombie (Sewer)
  A fungus (D:3)
6 creatures vanquished.

Grand Total: 127 creatures vanquished

Notes
Turn   | Place    | Note
-------+----------+-------------------------------------------
     0 | D:1      | KennySheep the Deep Elf Necromancer began the quest for the
                  | Orb.
     0 | D:1      | Reached XP level 1. HP: 10/10 MP: 6/6
   116 | D:1      | Reached skill level 5 in Necromancy
   190 | D:1      | Reached XP level 2. HP: 15/15 MP: 5/8
   531 | D:1      | Found a faded altar of an unknown god.
   545 | D:1      | Prayed at the altar of an unknown god.
   545 | D:1      | Became a worshipper of Kikubaaqudgha
   545 | D:1      | Reached * piety under Kikubaaqudgha
   545 | D:1      | Received a gift from Kikubaaqudgha
   551 | D:1      | Learned a level 2 spell: Sublimation of Blood
   611 | D:1      | Reached XP level 3. HP: 19/19 MP: 5/10
   615 | D:1      | Learned a level 3 spell: Vampiric Draining
  1171 | D:2      | Reached ** piety under Kikubaaqudgha
  1630 | D:2      | Reached XP level 4. HP: 24/24 MP: 9/11
  2640 | D:3      | Reached XP level 5. HP: 18/28 MP: 7/13
  2645 | D:3      | Learned a level 4 spell: Animate Dead
  2889 | D:4      | Found a glowing drain.
  2905 | Sewer    | Entered a sewer
  3008 | Sewer    | Reached *** piety under Kikubaaqudgha
  3008 | Sewer    | Received a gift from Kikubaaqudgha
  3174 | Sewer    | Reached skill level 6 in Necromancy
  3267 | Sewer    | Reached skill level 1 in Earth Magic
  3431 | Sewer    | Reached XP level 6. HP: 30/32 MP: 10/15
  3510 | Sewer    | Reached skill level 5 in Spellcasting
  3646 | D:4      | Learned a level 5 spell: Borgnjor's Vile Clutch
  3686 | D:4      | Killed from afar by an orc priest

Illustrated notes

Levels and vault maps discovered:
D:1:      dreamdust_arrival_sigmund_warning, layout_rooms,
          hellmonk_ecumenical_altar_zigzags
D:2:      kennysheep_six_static_rooms, layout_basic
D:3:      layout_loops_ring, dreamdust_mushroom_princess
D:4:      layout_loops_ring, cheibrodos_sewer_entry_sluice, bh_walls_and_bars

Skill      XL: |  1  2  3  4  5  6 |
---------------+-------------------+-----
Necromancy     | 5 6 |  6.8
Stealth        | 3 4 |  4.2
Dodging        | 3 4 |  4.0
Spellcasting   | 4 5 |  5.4
Earth Magic    | 1 2 |  2.6

Action                   |  1- 3 |  4- 6 || total
-------------------------+-------+-------++-------
Melee: Dagger            |       |     6 ||     6
 Cast: Necrotise         |    88 |   115 ||   203
       Vampiric Draining |       |     6 ||     6
       Animate Dead      |       |     2 ||     2
  Use: Potion            |     2 |     1 ||     3
       Scroll            |     1 |     4 ||     5
Armor: Robe              |     1 |     6 ||     7
Dodge: Dodged            |     7 |    25 ||    32
Block: Buckler           |       |     4 ||     4

Table legend: (Time is in decaauts)
 A = Elapsed time spent in this place.
 B = Non-inter-level travel time spent in this place.
 C = Inter-level travel time spent in this place.
 D = Time resting spent in this place.
 E = Time spent auto-exploring this place.
 F = Levels seen in this place.
 G = Mean time per level.
                   A        B        C        D        E       F      G
               +--------+--------+--------+--------+--------+-----+--------+
         Total |   3751 |   3644 |    107 |    418 |   2481 |   5 |  750.2 |
       Dungeon |   2954 |   2847 |    107 |    158 |   2193 |   4 |  738.5 |
         Sewer |    797 |    797 |      0 |    260 |    288 |   1 |  797.0 |
               +--------+--------+--------+--------+--------+-----+--------+

Top non-repeatable levels by time:
     D:2: 1194 daAuts
     D:1: 823 daAuts
   Sewer: 797 daAuts
     D:3: 738 daAuts
     D:4: 198 daAuts
